Match 47264843
Unlisted

Match 47264843
End
Kettenkrad Recon Vehicle
Construct Infanterie Kompanie
Selects Mechanized Battlegroup
MG 42 Machine Gun Team
MG 42 Machine Gun Team
Medical Station
Construct Luftwaffe Kompanie
Jäger Squad
Jäger Squad
Jäger Squad
Selects Raid Package
Jäger Squad
Jäger Squad
Jäger Squad
Selects StuG Assault Group
Jäger Squad
Jäger Squad
Jäger Squad
Selects Panther Heavy Tank
Selects Spotting Scopes
Selects Stoßtruppen Assault Package
Selects Mechanized Assault
Booyaka
jdnebel
0
0

Comments sign in to comment!

No comments posted yet!